Map: Pylon LE

Players

KimChiLoVer - Winner!

  • Race: Terran Terran
  • League: Diamond
  • Spawn Location: 5:00

Dave

  • Race: Protoss Protoss
  • League: Diamond
  • Spawn Location: 11:00

VOD

Have the link to the VOD?

Description

Time

  • Played on: Aug. 29, 2025, 10:24 p.m.
  • Length: 8:10
Show
View Real Time Build Order
Export as new Build Order

KimChiLoVer Terran - Winner!

Build Orders:  

Get SALT Encoding   

  12  0:00  SCV  
  13  0:14  SCV  
  14  0:17  Supply Depot  
  14  0:26  SCV  
  15  0:38  SCV  
  15  0:40  Barracks  
  16  0:45  Refinery  
  16  0:51  SCV  
  16  0:56  Supply Depot  
  17  1:03  Refinery  
  17  1:05  SCV  
  18  1:31  Reaper  
  19  1:33  Orbital Command  
  18  2:02  SCV, Factory  
  19  2:11  Reaper  
  19  2:14  SCV  
  21  2:17  Barracks  
  21  2:26  SCV  
  21  2:28  Command Center  
  21  3:01  Factory Tech Lab, SCV  
  21  3:05  Starport  
  23  3:13  SCV, Barracks Reactor  
  23  3:21  Cyclone  
  23  3:23  Barracks  
  23  3:26  SCV  
  27  3:27  Supply Depot  
  27  3:30  Mag-Field Accelerator  
  27  3:38  SCV  
  28  3:43  Barracks  
  28  3:50  SCV, Marine x2  
  31  4:00  Orbital Command  
  31  4:12  Marine, Medivac  
  31  4:13  Marine  
  31  4:16  Barracks Tech Lab  
  35  4:20  Siege Tank  
  35  4:21  Refinery  
  38  4:30  Marine x2  
  37  4:56  SCV  
  37  4:57  Siege Tank  
  41  5:00  Liberator  
  44  5:08  SCV  
  45  5:15  Stimpack  
  45  5:16  Marine x2  
  45  5:17  Marine  
  45  5:20  SCV  
  49  5:23  Supply Depot  
  49  5:30  Barracks Reactor  
  49  5:33  SCV  
  49  5:34  Marine x3  
  51  5:42  Cyclone  
  54  5:45  SCV  
  54  5:52  Marine x2  
  58  5:57  SCV  
  58  6:00  Marine  
  58  6:04  Supply Depot  
  58  6:09  SCV  
  58  6:10  Marine x2  
  61  6:18  Marine  
  62  6:19  Supply Depot  
  62  6:25  SCV, Siege Tank, Viking x2  
  70  6:26  Marine  
  70  6:27  Supply Depot  
  70  6:28  Marine x2  
  70  6:31  Refinery  
  73  6:35  SCV, Marine  
  73  6:37  SCV  
  76  6:43  Marine  
  76  6:45  Marine x2  
  79  6:47  SCV  
  79  6:49  SCV  
  79  6:53  Marine  
  82  6:54  Medivac  
  82  6:59  SCV  
  86  7:01  SCV  
  86  7:03  Marine x2  
  88  7:13  SCV  
  89  7:21  Siege Tank, Marine x2  
  94  7:28  SCV  
  66  7:39  Marine x2  
Show
View Real Time Build Order
Export as new Build Order

Dave Protoss 

Build Orders: Blink Stalkers, Zealot Archon 

Get SALT Encoding   

  12  0:00  Probe  
  13  0:13  Pylon  
  13  0:18  Probe  
  14  0:31  Gateway  
  14  0:34  Probe  
  15  0:42  Assimilator  
  15  0:46  Probe  
  16  0:52  Pylon  
  16  0:56  Probe  
  17  1:04  Probe  
  18  1:13  Probe  
  19  1:21  Cybernetics Core  
  19  1:26  Probe  
  20  1:38  Probe  
  21  1:50  Probe  
  22  1:57  Nexus  
  22  2:02  Assimilator  
  22  2:03  Warp Gate  
  22  2:17  Adept  
  22  2:20  Probe  
  25  2:32  Twilight Council  
  25  2:35  Gateway  
  24  3:10  Blink  
  24  3:17  Probe x2  
  24  3:18  Gateway  
  26  3:22  Forge  
  26  3:25  Probe  
  26  3:26  Probe  
  28  3:34  Probe x2  
  30  3:52  Probe x2  
  32  3:58  Protoss Ground Weapons Level 1  
  32  4:04  Probe x2  
  32  4:06  Stalker x2  
  38  4:16  Probe  
  38  4:17  Probe  
  40  4:18  Pylon  
  40  4:20  Pylon  
  40  4:21  Assimilator  
  40  4:28  Probe  
  40  4:29  Templar Archives, Probe  
  42  4:43  Probe x2, Shield Battery  
  44  4:55  Stalker x3  
  44  4:56  Probe  
  44  4:57  Probe  
  52  5:00  Assimilator  
  52  5:09  Probe  
  53  5:22  Stalker x3  
  59  5:50  High Templar  
  61  5:58  Probe  
  61  6:02  Charge  
  61  6:03  Psionic Storm  
  62  6:18  Nexus, Pylon  
  62  6:20  Pylon  
  62  6:21  Pylon  
  62  6:22  Pylon  
  62  6:26  Gateway  
  62  6:30  Gateway  
  62  6:34  Pylon  
  62  6:36  Probe x2  
  62  6:38  Pylon  
  64  6:48  Probe  
  64  6:50  Probe  
  64  6:52  High Templar x2  
  64  6:53  High Templar  
  72  7:00  Probe  
  73  7:07  Pylon  
  73  7:12  Gateway  
  73  7:13  Gateway  
  73  7:15  Photon Cannon, Gateway  
  69  7:17  Photon Cannon  
  69  7:18  Shield Battery  
  67  7:34  Archon  
  61  7:40  Stalker  
  61  7:41  Zealot x2, Stalker  
  61  7:42  Zealot  
  57  7:49  Robotics Facility  
  55  7:55  Zealot x3  
Tags
 
Add a new tag
Caveats
  • Supply blocks, unpowered buildings, or Contaminate may cause inaccurate times.
  • Supply counts are checked every 10 seconds.